 Dungeon Crawl Stone Soup version 0.16.2-12-gd0ad4c3 (webtiles) character file.

2664 Seneschal the Fighter (level 9, 0/86 HPs)
             Began as a Minotaur Monk on Sept 22, 2015.
             Was a Priest of Okawaru.
             Slain by Gastronok (29 damage)
             ... on level 8 of the Dungeon.
             The game lasted 00:24:46 (6932 turns).

Seneschal the Fighter (Minotaur Monk)               Turns: 6932, Time: 00:24:46

Health: 0/86       AC:  8    Str: 17    XL:     9   Next: 36%
Magic:  4/4        EV: 18    Int:  7    God:    Okawaru [***...]
Gold:   354        SH:  0    Dex: 15    Spells: 0 memorised, 8 levels left

rFire  + + .     SeeInvis .       - Unarmed
rCold  . . .     Clarity  .     s - +2 robe {rF+}
rNeg   . . .     SustAb   .     (no shield)
rPois  .         Gourm    .     (helmet restricted)
rElec  .         Spirit   .     (no cloak)
rCorr  .         Warding  .     (no gloves)
rMut   .         Stasis   .     (no boots)
MR     .....                    (no amulet)
Stlth  ++........               n - ring of protection from fire
                                c - +4 ring of protection

@: not resistant to hostile enchantments, unstealthy
A: retaliatory headbutt, horns 2
a: Heroism, Renounce Religion


You were on level 8 of the Dungeon.
You worshipped Okawaru.
Okawaru was most pleased with you.
You were not hungry.

You visited 2 branches of the dungeon, and saw 9 of its levels.
You also visited: Sewer.

You collected 354 gold pieces.

Inventory:

Armour
 a - a +0 robe
 h - a +0 robe
 o - a +0 robe
 s - a +2 robe of fire resistance (worn)
 w - a +0 robe
 x - a +0 robe
Jewellery
 c - a +4 ring of protection (left hand)
 d - an uncursed ring of sustain abilities
 n - a ring of protection from fire (right hand)
Magical devices
 m - a wand of flame (44)
 B - a wand of lightning (6)
 C - a wand of magic darts (28)
Scrolls
 g - a scroll of fog
 i - 3 scrolls of fear
 l - 3 scrolls of teleportation
 p - a scroll of immolation
 q - a scroll of enchant armour {unknown}
 y - 2 scrolls of remove curse
 z - a scroll of recharging
 G - 3 scrolls of identify
 H - a scroll of amnesia {unknown}
Potions
 e - a potion of invisibility
 j - a potion of curing
 k - a potion of cancellation
 r - a potion of haste
 v - 2 potions of magic
Books
 F - a book of Hinderance

   Spells                             Type                      Level
   a - Confusing Touch                Hexes                        2
   b - Confuse                        Hexes                        3
   c - Petrify                        Transmutation/Earth          4
   d - Metabolic Englaciation         Hexes/Ice                    5
   e - Gell's Gravitas                Hexes/Translocation          5
   f - Summon Mana Viper              Hexes/Summoning              5
Comestibles
 b - 9 bread rations
 f - 4 meat rations
 t - a royal jelly
 D - 2 beef jerkies
 E - 7 slices of pizza
 I - 6 chunks of flesh


   Skills:
 * Level 10.8 Fighting
 + Level 10.1 Dodging
 - Level 1.5 Stealth
 - Level 6.0 Unarmed Combat


You had 8 spell levels left.
You didn't know any spells.

Dungeon Overview and Level Annotations

Branches:
Dungeon (8/15)             Temple (1/1) D:6
   Lair: D:8-11

Altars:
Ashenzari
Cheibriados
Dithmenos
Elyvilon
Fedhas
Gozag
Kikubaaqudgha
Makhleb
Okawaru
Qazlal
Ru
Sif Muna
Trog
Vehumet
Xom
Yredelemnul
Zin
The Shining One

Shops:
D:4 ?

Annotations:
D:8 Gastronok


Innate Abilities, Weirdness & Mutations

You reflexively headbutt those who attack you in melee.
You have a pair of horns on your head.


Message History

You punch Gastronok! You headbutt Gastronok.
Gastronok is lightly wounded.
A hound comes into view.
The hound barks!
You hit Gastronok. You headbutt Gastronok.
Gastronok is moderately wounded.
You hit Gastronok. You headbutt Gastronok.
Gastronok is moderately wounded.
Gastronok casts a spell.
Gastronok seems to move somewhat quicker.
You barely miss Gastronok. You headbutt Gastronok!
Gastronok is moderately wounded.
You hit Gastronok. You headbutt Gastronok.
Gastronok is moderately wounded.
You punch Gastronok! x2
Gastronok is heavily wounded.
You hit Gastronok but do no damage. You headbutt Gastronok.
Gastronok is heavily wounded.
Gastronok bites you!!
You die...

.#.....# .#.....+ .
.#.....#.......#+##
##.....#.......#.%##
.#.....#.......+...#
.#.....+.......#...#
.+.....#......%#..##
.#####+#.......#..#
...............#@##
...............w..+
.......<..<....#..#
...............#+##
...............#
...............#
....##+#.....††+
....+ #.?.....#
....# ####+#..w


You could see Gastronok.

Vanquished Creatures
  A hog (D:7)
  A human (D:7)
  A yak (D:7)
  The ghost of dscm the Shield-Bearer, an average MiFi of Dithmenos (D:4)
  4 centaurs
  Duvessa (D:6)
  Blork the orc (D:6)
  A giant frog (D:6)
  5 big kobolds (Sewer)
  3 killer bees (D:8)
  2 crimson imps
  Dowan (D:6)
  2 jellies
  4 hounds
  A giant frog skeleton (D:8)
  4 orc priests
  3 orc wizards
  3 worker ants
  2 sheep (D:7)
  A hound zombie (D:5)
  A hound skeleton (D:6)
  11 gnolls (D:3)
  A river rat (Sewer)
  17 adders
  2 giant mites
  2 shadow imps
  2 worms
  An adder skeleton (D:5)
  5 giant geckos
  7 oozes
  22 orcs
  2 bat skeletons
  A bat zombie (D:6)
  7 giant cockroaches
  17 hobgoblins
  13 jackals
  7 ball pythons (Sewer)
  18 bats
  A giant gecko skeleton (D:6)
  6 giant newts
  A giant spore (D:7)
  13 goblins
  A jackal zombie (D:7)
  9 kobolds
  2 quokkas
  A quokka skeleton (D:5)
  15 rats
227 creatures vanquished.

Vanquished Creatures (others)
  A butterfly (D:4)
1 creature vanquished.

Grand Total: 228 creatures vanquished

Notes
Turn   | Place    | Note
--------------------------------------------------------------
     0 | D:1      | Seneschal, the Minotaur Monk, began the quest for the Orb.
     0 | D:1      | Reached XP level 1. HP: 19/19 MP: 1/1
   168 | D:1      | Reached XP level 2. HP: 27/27 MP: 1/1
   303 | D:1      | Reached skill level 5 in Unarmed Combat
   977 | D:2      | Reached XP level 3. HP: 33/33 MP: 2/2
  1117 | D:2      | Reached XP level 4. HP: 27/40 MP: 2/2
  1241 | D:2      | Found a blossoming altar of Fedhas.
  1244 | D:2      | Found an ancient bone altar of Kikubaaqudgha.
  1304 | D:2      | Reached skill level 6 in Unarmed Combat
  1664 | D:3      | Reached XP level 5. HP: 45/47 MP: 2/2
  2112 | D:3      | Reached skill level 5 in Dodging
  2124 | D:3      | Reached skill level 5 in Fighting
  2128 | D:3      | Reached XP level 6. HP: 29/56 MP: 3/3
  2986 | D:4      | Found Giheatt's Magic Scroll Boutique.
  3088 | D:4      | Reached XP level 7. HP: 54/64 MP: 3/3
  3157 | D:4      | Noticed dscm's ghost (average MiFi)
  3167 | D:4      | Killed dscm's ghost
  3415 | D:4      | Found a sacrificial altar of Ru.
  3458 | D:5      | Entered Level 5 of the Dungeon
  3694 | D:5      | Found a deep blue altar of Sif Muna.
  3818 | D:5      | Reached skill level 7 in Fighting
  3950 | D:5      | Found a snail-covered altar of Cheibriados.
  3950 | D:5      | Found a radiant altar of Vehumet.
  4449 | D:6      | Noticed Blork the orc
  4458 | D:6      | Killed Blork the orc
  4460 | D:6      | Found a glowing drain.
  4501 | Sewer    | Entered a sewer
  4598 | Sewer    | Reached skill level 8 in Fighting
  4598 | Sewer    | Reached XP level 8. HP: 34/74 MP: 3/3
  5266 | D:6      | Noticed Duvessa
  5282 | D:6      | Killed Duvessa
  5282 | D:6      | Reached skill level 9 in Fighting
  5441 | D:6      | Noticed Dowan
  5451 | D:6      | Killed Dowan
  5796 | D:6      | Found a staircase to the Ecumenical Temple.
  5815 | Temple   | Entered the Ecumenical Temple
  5960 | Temple   | Became a worshipper of Warmaster Okawaru
  5960 | Temple   | Acquired Okawaru's first power
  6297 | D:7      | Reached skill level 10 in Fighting
  6306 | D:7      | Reached XP level 9. HP: 78/85 MP: 4/4
  6556 | D:7      | You fall through a shaft!
  6861 | D:8      | Reached skill level 10 in Dodging
  6866 | D:8      | Noticed Gastronok
  6932 | D:8      | Slain by Gastronok

Action                   |  1- 3 |  4- 6 |  7- 9 || total
-------------------------+-------+-------+-------++-------
Melee: Unarmed           |    89 |   194 |   397 ||   680
  Use: Potion            |     2 |     1 |     4 ||     7
       Scroll            |       |    14 |     6 ||    20
 Stab: Sleeping          |     7 |     1 |     2 ||    10
  Eat: Chunk             |       |     3 |     9 ||    12
       Bread ration      |       |     1 |       ||     1
       Fruit             |       |       |     5 ||     5
